 Dungeon Crawl Stone Soup version 0.28-a0-1190-g77e1c55843 (webtiles) character file.

Game seed: 7938389117187361194

204355 bearlyready the Convoker (level 17, -1/146 HPs)
             Began as a Green Draconian Venom Mage on Dec 19, 2021.
             Was a High Priest of Sif Muna.
             Shot with a bolt by a yaktaur (6 damage)
             ... led by a vault warden
             ... on level 1 of the Vaults.
             The game lasted 01:44:54 (39672 turns).

bearlyready the Convoker (DrVM)                    Turns: 39672, Time: 01:44:55

Health: -1/146     AC: 14    Str: 16 (17) XL:     17   Next: 50%
Magic:  15/28      EV: 18    Int: 18 (21) God:    Sif Muna [*****.]
Gold:   3668       SH: 11    Dex: 10 (12) Spells: 5/30 levels left

rFire   . . .      SeeInvis +   F - +9 demon trident (freeze)
rCold   + . .      Faith    .   b - +0 buckler {rN+}
rNeg    + . .      Spirit   .   (armour unavailable)
rPois   +          Reflect  +   (helmet restricted)
rElec   .          Harm     .   t - +0 cloak "Duloz" {rC+ Regen+ Str+4}
rCorr   .          Rampage  .   D - +2 pair of gloves
Will    +....                   f - +0 pair of boots
Stlth   ++........              P - amulet of reflection
HPRegen 1.14/turn               W - +4 ring of evasion
MPRegen 0.21/turn               Y - ring of see invisible

@: spewing sludge
A: breathe noxious fumes, AC +9, unfitting armour, stinger 1, poison resistance,
cold-blooded
}: 2/15 runes: barnacled, gossamer
a: Breathe Noxious Fumes, Renounce Religion, Channel Magic, Forget Spell, Divine
Exegesis


You were on level 1 of the Vaults.
You worshipped Sif Muna.
Sif Muna was extremely pleased with you.
You visited 6 branches of the dungeon, and saw 32 of its levels.
You also visited: Ice Cave.

You collected 6024 gold pieces.
You spent 2356 gold pieces at shops.

Inventory:

Hand Weapons
 F - a +9 demon trident of freezing (weapon)
Missiles
 d - 99 poisoned darts
 k - 2 silver javelins
 J - 8 throwing nets (quivered)
 V - 20 javelins
Armour
 b - a +0 buckler of positive energy (worn)
 f - a +0 pair of boots (worn)
 t - the +0 cloak "Duloz" (worn) {rC+ Regen+ Str+4}
   (You found it on level 4 of the Lair of Beasts)

   Str:       It affects your strength (+4).
   rC:        It protects you from cold.
   Regen:     It increases your rate of health regeneration.
 D - a +2 pair of gloves (worn)
 G - the +2 cloak of the Thief {*Fog Slay-2 SInv Stlth+}
   (You found it on level 3 of the Spider Nest)

   It may release a thick cloud of smoke when the wearer is hurt.
   Slay:      It affects your accuracy & damage with ranged weapons and melee
   (-2).
   SInv:      It lets you see invisible.
   Stlth:     It makes you more stealthy.
 M - a +2 tower shield
Jewellery
 o - the amulet "Noujo" {RegenMP rC- Int+7}
   (You took it off a merfolk javelineer on level 4 of the Shoals)

   [amulet of magic regeneration]

   It increases your rate of magic regeneration.
   Int:       It affects your intelligence (+7).
   rC:        It makes you vulnerable to cold.
 z - a ring of flight
 A - a ring of protection from cold
 B - a +6 ring of dexterity
 P - an amulet of reflection (around neck)
 W - a +4 ring of evasion (left hand)
 Y - a ring of see invisible (right hand)
Wands
 c - a wand of polymorph (15)
 m - a wand of paralysis (9)
 p - a wand of charming (5)
 y - a wand of flame (63)
 L - a wand of iceblast (6)
 O - a wand of digging (16)
 U - a wand of mindburst (12)
 X - a wand of acid (2)
Scrolls
 a - 7 scrolls of enchant armour
 g - 11 scrolls of magic mapping
 n - 6 scrolls of blinking
 q - 6 scrolls of teleportation
 r - 4 scrolls of immolation
 s - 4 scrolls of fog
 u - 2 scrolls of fear
 v - a scroll of enchant weapon
 C - 2 scrolls of holy word
 I - 6 scrolls of amnesia
 N - 4 scrolls of identify
 R - 4 scrolls of vulnerability
Potions
 h - 5 potions of attraction
 i - 6 potions of ambrosia
 j - 9 potions of curing
 l - a potion of flight
 w - 9 potions of brilliance
 x - 4 potions of cancellation
 E - a potion of might
 H - 4 potions of mutation
 K - a potion of resistance
 Q - 5 potions of haste
 S - 2 potions of invisibility
 T - 3 potions of lignification
Miscellaneous
 Z - a tin of tremorstones (inert)


   Skills:
 - Level 12.0 Fighting
 - Level 14.0 Polearms
 - Level 9.0 Dodging
 - Level 1.7 Stealth
 - Level 9.0 Shields
 + Level 7.4 Spellcasting
 + Level 16.4 Summonings
 - Level 7.0 Transmutations
 - Level 15.0 Poison Magic
 - Level 7.0 Invocations
 - Level 6.0 Evocations


You had 5 spell levels left.
You knew the following spells:

 Your Spells              Type           Power      Damage    Failure   Level
a - Sting                 Tmut/Pois      100%       1d8       1%          1
b - Olgreb's Toxic Radia  Pois           57%        N/A       1%          4
c - Eringya's Noxious Bo  Tmut/Pois      23%        N/A       17%         6
d - Summon Small Mammal   Summ           100%       N/A       0%          1
e - Summon Hydra          Summ           30%        N/A       11%         7
f - Summon Cactus Giant   Summ           30%        N/A       1%          6

Your spell library contained the following spells:

 Spells                   Type           Power      Damage    Failure   Level
 Beastly Appendage        Tmut           64%        N/A       1%          1
 Call Imp                 Summ           60%        N/A       1%          2
 Poisonous Vapours        Pois/Air       66%        N/A       1%          2
 Call Canine Familiar     Summ           60%        N/A       1%          3
 Ignite Poison            Fire/Tmut/Pois 33%        N/A       1%          3
 Summon Guardian Golem    Hex/Summ       36%        N/A       1%          3
 Passwall                 Tmut/Erth      15%        N/A       3%          2
 Summon Ice Beast         Ice/Summ       36%        N/A       3%          4
 Summon Lightning Spire   Summ/Air       36%        N/A       3%          4
 Alistair's Intoxication  Tmut/Pois      30%        N/A       3%          5
 Mephitic Cloud           Conj/Pois/Air  24%        N/A       4%          3
 Summon Forest            Summ/Tloc      18%        N/A       10%         5
 Summon Mana Viper        Hex/Summ       36%        N/A       10%         5
 Animate Skeleton         Necr           12%        N/A       11%         1
 Apportation              Tloc           12%        N/A       11%         1
 Magic Dart               Conj           24%        1d4       11%         1
 Pain                     Necr           24%        1d5       11%         1
 Sandblast                Erth           12%        2d6       11%         1
 Shock                    Conj/Air       24%        1d4       11%         1
 Slow                     Hex            24%        N/A       11%         1
 Blink                    Tloc           12%        N/A       16%         2
 Ensorcelled Hibernation  Hex/Ice        12%        N/A       16%         2
 Sublimation of Blood     Necr           6%         N/A       16%         2
 Ice Form                 Ice/Tmut       19%        N/A       24%         4
 Petrify                  Tmut/Erth      19%        N/A       24%         4
 Confusing Touch          Hex            6%         N/A       30%         3
 Conjure Flame            Conj/Fire      6%         6-21      30%         3
 Dazzling Flash           Conj/Hex       12%        N/A       30%         3
 Inner Flame              Hex/Fire       6%         N/A       30%         3
 Lesser Beckoning         Tloc           6%         N/A       30%         3
 Portal Projectile        Hex/Tloc       12%        N/A       30%         3
 Stone Arrow              Conj/Erth      12%        3d7       30%         3
 Vampiric Draining        Necr           6%         2d6       30%         3
 Irradiate                Conj/Tmut      9%         3d17      56%         5
 Yara's Violent Unravell  Hex/Tmut       9%         3d6       56%         5
 Airstrike                Air            3%         N/A       71%         4
 Animate Dead             Necr           3%         N/A       71%         4
 Cause Fear               Hex            3%         N/A       71%         4
 Fulminant Prism          Conj/Hex       3%         3d6       71%         4
 Hailstorm                Conj/Ice       6%         3d4       71%         4
 Iskenderun's Mystic Bla  Conj/Tloc      6%         2d4       71%         4
 Sticky Flame             Conj/Fire      6%         2d3       71%         4
 Agony                    Necr           6%         N/A       96%         5
 Fireball                 Conj/Fire      3%         3d4       96%         5
 Freezing Cloud           Conj/Ice/Air   3%         6-21      96%         5
 Iskenderun's Battlesphe  Conj           6%         2d6       96%         5
 Lee's Rapid Deconstruct  Erth           3%         3d6*      96%         5
 Lightning Bolt           Conj/Air       3%         1d14      96%         5
 Manifold Assault         Tloc           6%         N/A       96%         5
 Metabolic Englaciation   Hex/Ice        3%         N/A       96%         5
 Silence                  Hex/Air        3%         N/A       96%         5
 Monstrous Menagerie      Summ           30%        N/A       11%         7
 Haunt                    Necr/Summ      18%        N/A       97%         7
 Malign Gateway           Summ/Tloc      18%        N/A       97%         7
 Spellforged Servitor     Conj/Summ      18%        N/A       97%         7
 Statue Form              Tmut/Erth      12%        N/A       98%         6
 Dragon Form              Tmut           16%        N/A       99%         7
 Iron Shot                Conj/Erth      3%         9d2       100%        6
 Simulacrum               Ice/Necr       3%         N/A       100%        6
 Starburst                Conj/Fire      3%         6d3       100%        6
 Storm Form               Tmut/Air       9%         N/A       100%        7
 Borgnjor's Revivificati  Necr           3%         N/A       100%        8
 Discord                  Hex            3%         N/A       100%        8
 Ignition                 Fire           3%         3d4       100%        8
 Maxwell's Capacitive Co  Air            3%         ∞         100%        8
 Chain Lightning          Conj/Air       3%         3d4       100%        9
 Dragon's Call            Summ           30%        N/A       100%        9
 Polar Vortex             Ice            3%         N/A       100%        9


Dungeon Overview and Level Annotations

Branches:
Dungeon (15/15)            Temple (0/1) D:6            Lair (6/6) D:9
 Shoals (4/4) Lair:2       Spider (4/4) Lair:2        Slime (0/5) Lair:6
    Orc (2/2) D:11            Elf (0/3) Orc:2        Vaults (1/5) D:13
 Depths (0/4) D:15          IceCv (visited)

Altars:
Ashenzari
Cheibriados
Dithmenos
Kikubaaqudgha
Makhleb
Qazlal
Sif Muna
Wu Jian
Xom
The Shining One
Jiyva

Shops:
D:2 *   D:3 (   D:15 *   Orc:2 [:!=

Portals:
Trove: D:13 (give 4 potions of resistance)

Annotations:
D:12 exclusion: orange crystal statue
Lair:1 exclusion: oklob plant
Shoals:3 1 runed translucent door, kuyyie's ghost, adept MiFi
Shoals:4 Mlioglotl
Spider:1 1 runed translucent door, Plog's ghost, adept MiBe


Innate Abilities, Weirdness & Mutations

You can breathe blasts of noxious fumes.
Your lurid green scales are hard. (AC +9)
You cannot fit into any form of body armour.
Your tail ends in a venomous barb.
Your system is resistant to poisons. (rPois)
You are cold-blooded and may be slowed by cold attacks.


Message History

The yaktaur looks even sicker.
The vault warden festers in the toxic bog!
The vault warden looks as sick as possible!
The vault warden unwields a +2 antimagic broad axe.
The vault warden wields a +0 arbalest.
The vault warden shoots a bolt.
You reflect the bolt off an invisible shield around you!
The bolt barely misses the vault warden.
The bolt hits the lindwurm!
You kill the lindwurm!
Sif Muna accepts your kill.
The yaktaur shoots a bolt.
The bolt hits you!!
The yaktaur shoots a bolt.
The bolt closely misses you.
The lindwurm festers in the toxic bog!
The lindwurm looks as sick as possible!
The lindwurm dies!
The yaktaur shoots a bolt.
You reflect the bolt off an invisible shield around you!
The bolt hits the yaktaur!!
You kill the yaktaur!
Sif Muna accepts your kill.
The yaktaur shoots a bolt.
The bolt hits you!
* * * LOW HITPOINT WARNING * * *
x2 The vault warden festers in the toxic bog!
The vault warden looks as sick as possible!
The vault warden shoots a bolt.
The bolt hits you!!
* * * LOW HITPOINT WARNING * * *
Blink to where?
Press: ? - help, Dir - move target
As you read the scroll of blinking, it crumbles to dust.
Your toxic aura wanes.
The vault warden festers in the toxic bog!
The vault warden looks as sick as possible!
The vault warden dies!
The runic seal fades away.
You feel much better.
The yaktaur festers in the toxic bog!
The yaktaur looks as sick as possible!
The yaktaur shoots a bolt.
The bolt hits you!!
* * * LOW HITPOINT WARNING * * *
x2 You feel much better.
The yaktaur shoots a bolt.
The bolt hits you!!
* * * LOW HITPOINT WARNING * * *
You die...

#..# #..#
#..##
########...#
#......#...#
#......#...#
#......#...#
#....∩.#.@.#
#......#...#
#......#...#
#......#...#
#......+.≈.#
########.≈.#
#.≈.# #
#.≈c#'#####
#....).....


You could see a yaktaur (extremely poisoned).

Vanquished Creatures
  Nikola (Shoals:1)
  A storm dragon (D:14)
  Polyphemus (Shoals:1)
  Kirke (Spider:2)
  A fire giant (D:14)
  3 ghost moths
  4 emperor scorpions
  An ironbound preserver (D:13)
  A stone giant (D:15)
  An entropy weaver (Spider:2)
  Azrael (D:14)
  2 white draconians (IceCv)
  A spark wasp (Spider:4)
  4 merfolk javelineers (Shoals:4)
  4 merfolk impalers
  2 rakshasas
  7 hydras
  An ice dragon (D:14)
  7 boulder beetles
  An alligator snapping turtle (Shoals:2)
  Erica (D:8)
  2 catoblepae
  7 death yaks
  A merfolk aquamancer (Shoals:3)
  6 centaur warriors
  A deep troll shaman (Lair:6)
  3 merfolk avatars
  A satyr (Shoals:2)
  7 two-headed ogres
  8 tengu warriors
  2 orc high priests (Orc:2)
  Urug (D:11)
  Sonja (D:11)
  A shadow wraith (Shoals:3)
  5 sea snakes
  2 lindwurms
  8 harpies (Shoals:2)
  16 orb spiders
  3 orc knights (Orc:2)
  3 deep elf pyromancers
  28 wolf spiders
  5 orc sorcerers
  9 ugly things
  12 manticores
  8 cyclopes
  4 fauns
  3 black mambas
  4 elephants
  A moth of wrath (Spider:1)
  7 merfolk sirens
  An apocalypse crab (Shoals:3)
  2 storm dragon simulacra (IceCv)
  A torpor snail (Spider:2)
  2 water nymphs
  5 cane toads
  A gargoyle (D:12)
  2 freezing wraiths (D:14)
  A kobold demonologist (D:11)
  An efreet (D:13)
  An unseen horror (D:13)
  4 komodo dragons
  6 yaktaurs
  9 demonic crawlers
  3 tengu conjurers
  A golden dragon simulacrum (IceCv)
  A troll (shapeshifter) (D:13)
  4 polar bears
  23 jumping spiders
  7 wind drakes
  7 trolls
  12 merfolk
  A nameless horror (Shoals:4)
  11 hornets
  11 slime creatures
  7 snapping turtles
  27 blink frogs
  12 dream sheep
  42 redbacks
  6 wraiths
  A shadow (D:13)
  5 water elementals
  32 tarantellas
  3 wyverns
  3 fire elementals (D:13)
  28 yaks
  4 hogs
  3 humans
  A steam dragon (D:9)
  2 vampire mosquitoes
  7 basilisks
  Edmund (D:4)
  2 wargs
  2 acid dragons (D:11)
  17 water moccasins
  A meliai simulacrum (D:14)
  A hell hound (D:14)
  An ice beast (D:6)
  22 orc warriors
  3 sky beasts
  2 ice dragon simulacra (IceCv)
  3 black bears
  8 wolves
  16 centaurs
  A phantom (D:5)
  5 ogres
  2 kobold brigands (D:8)
  7 bullfrogs
  A gnoll sergeant (D:7)
  3 scorpions
  A wyvern skeleton (D:5)
  A water moccasin skeleton (D:7)
  8 killer bees
  3 jellies
  4 howler monkeys
  4 electric eels
  3 hounds
  A bullfrog skeleton (D:5)
  2 gnoll shamans
  15 orc priests
  4 centaur zombies
  Jessica (D:2)
  Ijyb (D:4)
  6 hell rats (Lair:1)
  Natasha (thrice) (D:2)
  2 iguanas (D:5)
  24 orc wizards
  A hound skeleton (D:5)
  21 gnolls
  5 adders
  A shadow imp (D:5)
  A white imp (D:8)
  2 ufetubi
  An adder skeleton (D:4)
  A worm (shapeshifter) (D:14)
  4 worms
  A dart slug (D:2)
  55 orcs
  8 endoplasms
  2 giant cockroaches
  3 goblins
  7 hobgoblins
  7 jackals
  14 kobolds
  6 quokkas
  10 ball pythons
  9 bats
  3 frilled lizards
  6 rats
854 creatures vanquished.

Vanquished Creatures (collateral kills)
  2 emperor scorpions (Spider:3)
2 creatures vanquished.

Vanquished Creatures (others)
  Jorgrun (Spider:1)
  Ilsuiw (Shoals:4)
  Louise (Spider:1)
  A vault warden (Vaults:1)
  An emperor scorpion (Spider:4)
  An entropy weaver (Spider:4)
  6 merfolk impalers
  Snorg (Orc:2)
  Josephine (Orc:1)
  A merfolk javelineer (Shoals:4)
  2 hydras
  A merfolk avatar (Shoals:4)
  2 merfolk aquamancers
  3 centaur warriors
  An alligator snapping turtle (Shoals:4)
  7 death yaks
  An orc high priest (Orc:2)
  2 sea snakes (Shoals:4)
  An orc knight (Orc:2)
  A lindwurm (Vaults:1)
  2 orb spiders
  An orc sorcerer (Orc:2)
  2 ugly things
  9 wolf spiders
  2 elephants (Lair:5)
  3 merfolk sirens (Shoals:4)
  2 cane toads (Lair:6)
  An apocalypse crab (Shoals:3)
  2 torpor snails
  2 komodo dragons
  A demonic crawler (Spider:1)
  A yaktaur (Vaults:1)
  A troll (D:13)
  3 jumping spiders
  9 merfolk (Shoals:4)
  A polar bear (Lair:5)
  4 blink frogs (Lair:6)
  2 slime creatures (D:13)
  3 dream sheep
  3 snapping turtles
  A vampire (D:13)
  4 tarantellas
  17 redbacks
  4 yaks
  A basilisk (Lair:5)
  A water moccasin (Lair:6)
  A hell hound (D:14)
  An ogre (Orc:1)
  3 orc warriors
  A bullfrog (Lair:5)
  2 howler monkeys (D:13)
  15 fungi
  53 plants
194 creatures vanquished.

Grand Total: 1050 creatures vanquished

Notes
Turn   | Place    | Note
-------+----------+-------------------------------------------
     0 | D:1      | bearlyready the Draconian Venom Mage began the quest for
                  | the Orb.
     0 | D:1      | Reached XP level 1. HP: 14/14 MP: 3/3
    48 | D:1      | Got the Incunabulum of Toxins and the Glacier
   194 | D:1      | Reached XP level 2. HP: 18/20 MP: 3/5
   826 | D:1      | Found a faded altar of an unknown god.
  1537 | D:2      | Reached XP level 3. HP: 20/26 MP: 6/6
  1744 | D:2      | Found Urex's Magic Scroll Shoppe.
  1749 | D:2      | Bought a scroll of identify for 24 gold pieces
  1948 | D:2      | Found Puack's Assorted Antiques.
  2087 | D:2      | Noticed Natasha
  2092 | D:2      | Killed Natasha
  2093 | D:2      | Reached skill level 5 in Poison Magic
  2093 | D:2      | Reached XP level 4. HP: 33/33 MP: 4/7
  2331 | D:2      | Noticed Jessica
  2336 | D:2      | Killed Jessica
  2346 | D:2      | Learned a level 4 spell: Olgreb's Toxic Radiance
  2410 | D:2      | Noticed Natasha
  2423 | D:2      | Killed Natasha
  2606 | D:2      | Noticed Natasha
  2611 | D:2      | Killed Natasha
  2612 | D:2      | Reached XP level 5. HP: 38/38 MP: 4/8
  3176 | D:3      | Found Dalome's Antique Weapon Shop.
  3490 | D:4      | Noticed Edmund
  3509 | D:4      | Killed Edmund
  3510 | D:4      | Reached XP level 6. HP: 31/45 MP: 2/9
  4214 | D:4      | Your scales start taking on a lurid green colour.
  4214 | D:4      | Reached XP level 7. HP: 50/50 MP: 10/10
  4214 | D:4      | Gained mutation: Your system is resistant to poisons.
                  | (rPois) [Green Draconian growth]
  4241 | D:4      | Found a stormy altar of Qazlal.
  4242 | D:4      | Found an ancient bone altar of Kikubaaqudgha.
  4243 | D:4      | Found a burning altar of Makhleb.
  4275 | D:4      | HP: 2/50 [ogre (20)]
  4296 | D:4      | Reached skill level 1 in Fighting
  4596 | D:4      | Noticed Ijyb
  4608 | D:4      | Killed Ijyb
  4609 | D:4      | Reached skill level 10 in Poison Magic
  5337 | D:5      | Entered Level 5 of the Dungeon
  5543 | D:5      | Reached XP level 8. HP: 66/66 MP: 2/11
  5656 | D:5      | Found a shimmering altar of Xom.
  5656 | D:5      | Found a snail-covered altar of Cheibriados.
  5656 | D:5      | Found an ornate altar of the Wu Jian Council.
  5659 | D:5      | Found a shimmering blue altar of Sif Muna.
  5682 | D:5      | Became a worshipper of Sif Muna the Loreminder
  5944 | D:5      | Reached skill level 5 in Fighting
  6648 | D:5      | Reached skill level 1 in Invocations
  6648 | D:5      | Reached XP level 9. HP: 74/78 MP: 8/13
  7478 | D:6      | Found a staircase to the Ecumenical Temple.
  8330 | D:7      | Identified the +2 ring mail "Idon Weck" {Dex+2 SInv Stlth+}
  8499 | D:7      | Reached * piety under Sif Muna
  8500 | D:7      | Reached skill level 1 in Polearms
  8637 | D:7      | Found a shadowy altar of Dithmenos.
  9091 | D:8      | Noticed a two-headed ogre
  9100 | D:8      | Reached skill level 5 in Spellcasting
  9112 | D:8      | Killed a two-headed ogre
  9113 | D:8      | Reached XP level 10. HP: 87/88 MP: 2/18
  9382 | D:8      | Found a broken altar of Ashenzari.
  9404 | D:8      | Noticed Erica
  9417 | D:8      | Killed Erica
  9418 | D:8      | Reached skill level 5 in Polearms
  9505 | D:8      | Learned a level 6 spell: Eringya's Noxious Bog
  9716 | D:8      | Reached ** piety under Sif Muna
  9956 | D:9      | Identified the +1 leather armour of the Heron {Slay+3}
 10172 | D:9      | Found a staircase to the Lair.
 10334 | D:9      | Noticed a purple ugly thing
 10344 | D:9      | Killed a purple ugly thing
 10345 | D:9      | Reached skill level 1 in Shields
 10457 | D:9      | Noticed a two-headed ogre
 10475 | D:9      | Killed a two-headed ogre
 10643 | D:9      | Reached XP level 11. HP: 94/94 MP: 12/20
 10820 | D:10     | Entered Level 10 of the Dungeon
 10874 | D:10     | Reached skill level 5 in Transmutations
 11892 | D:11     | Found an ancient bone altar of Kikubaaqudgha.
 11923 | D:11     | Noticed Urug
 11933 | D:11     | Killed Urug
 12111 | D:11     | Noticed a two-headed ogre
 12127 | D:11     | Killed a two-headed ogre
 12254 | D:11     | Reached *** piety under Sif Muna
 12410 | D:11     | Found a staircase to the Orcish Mines.
 12761 | D:11     | Noticed Sonja
 12770 | D:11     | Killed Sonja
 12771 | D:11     | Reached skill level 1 in Evocations
 13111 | D:11     | Reached skill level 5 in Shields
 13439 | D:12     | Noticed a two-headed ogre
 13527 | D:12     | Noticed an orange crystal statue
 13529 | D:12     | Noticed a boulder beetle
 13559 | D:13     | Noticed a rakshasa
 13559 | D:13     | Noticed a boulder beetle
 13643 | D:12     | Killed a two-headed ogre
 13657 | D:11     | Reached XP level 12. HP: 64/101 MP: 15/21
 13726 | D:12     | Noticed a two-headed ogre
 13755 | D:12     | Killed a two-headed ogre
 14200 | D:12     | Noticed a two-headed ogre
 14218 | D:12     | Killed a two-headed ogre
 14476 | D:12     | Killed a boulder beetle
 14718 | Orc:1    | Entered Level 1 of the Orcish Mines
 14721 | Orc:1    | Reached **** piety under Sif Muna
 14724 | Orc:1    | Noticed Josephine
 15010 | Orc:1    | Killed Josephine
 15421 | Orc:2    | Entered Level 2 of the Orcish Mines
 15544 | Orc:2    | Noticed Snorg
 15557 | Orc:2    | Killed Snorg
 15616 | Orc:2    | Noticed an orc high priest
 15627 | Orc:2    | Killed an orc high priest
 15630 | Orc:2    | Reached skill level 5 in Evocations
 15749 | Orc:2    | Noticed an orc high priest
 15755 | Orc:2    | Killed an orc high priest
 15808 | Orc:2    | Reached skill level 5 in Invocations
 15936 | Orc:2    | Noticed an orc high priest
 15944 | Orc:2    | Killed an orc high priest
 16130 | Orc:2    | Reached ***** piety under Sif Muna
 16346 | Orc:2    | Found a staircase to the Elven Halls.
 16413 | Orc:2    | Reached XP level 13. HP: 89/107 MP: 23/23
 16426 | Orc:2    | Received a gift from Sif Muna
 16483 | Orc:2    | Found Cauhouso's Book Boutique.
 16488 | Orc:2    | Found Timuwatygg's Jewellery Shoppe.
 16495 | Orc:2    | Found Sylin's Distillery.
 16506 | Orc:2    | Found Quon's Armour Boutique.
 16553 | Orc:2    | Bought a potion of curing for 51 gold pieces
 16553 | Orc:2    | Bought a potion of haste for 170 gold pieces
 16553 | Orc:2    | Bought a potion of curing for 51 gold pieces
 16900 | Lair:1   | Entered Level 1 of the Lair of Beasts
 18060 | Lair:2   | Found a hole to the Spider Nest.
 18652 | Lair:2   | Found a staircase to the Shoals.
 18746 | Lair:2   | Found a transporter.
 18749 | Lair:2   | Found a transporter.
 18974 | Lair:3   | Reached skill level 15 in Poison Magic
 19358 | Lair:3   | Reached skill level 10 in Polearms
 19451 | Lair:3   | Identified the +1 flail of Raas {elec, rPois Will+ Dex+4}
 19885 | Lair:4   | Identified the +0 cloak "Duloz" {rC+ Regen+ Str+4}
 21586 | Lair:5   | Reached skill level 5 in Dodging
 21736 | Lair:5   | Reached skill level 10 in Fighting
 22151 | Lair:6   | Entered Level 6 of the Lair of Beasts
 22469 | Lair:6   | Identified a scroll of acquirement
 22501 | Lair:6   | Received a gift from Sif Muna
 22502 | Lair:6   | Got Gediz's Collected Works on Unholy Hexes {god gift}
 22603 | Lair:6   | Learned a level 1 spell: Summon Small Mammal
 22806 | Lair:6   | Found a runed translucent door.
 22806 | Lair:6   | Found a viscous altar of Jiyva.
 22815 | Lair:6   | Found a staircase to the Slime Pits.
 22945 | Lair:6   | Found a glowing golden altar of the Shining One.
 23014 | Lair:6   | Gained mutation: Your tail ends in a venomous barb. [Green
                  | Draconian growth]
 23014 | Lair:6   | Reached XP level 14. HP: 103/121 MP: 24/24
 23436 | Lair:6   | Acquired 865 gold pieces
 23771 | D:2      | Bought a scroll of blinking for 90 gold pieces
 23771 | D:2      | Bought 3 scrolls of acquirement for 1872 gold pieces
 23771 | D:2      | Bought a scroll of fog for 24 gold pieces
 23771 | D:2      | Bought a scroll of identify for 24 gold pieces
 23774 | D:2      | Acquired 646 gold pieces
 23775 | D:2      | Acquired 720 gold pieces
 23777 | D:2      | Acquired 248 gold pieces
 24364 | D:13     | Found a gate to the Vaults.
 24364 | D:13     | Noticed an ironbound preserver
 24386 | D:13     | Killed an ironbound preserver
 24513 | D:13     | Found a portal to a secret trove of treasure.
 25107 | D:14     | Noticed Azrael
 25226 | D:14     | Killed Azrael
 25315 | D:14     | Found a frozen archway.
 25390 | IceCv    | Entered an ice cave
 26798 | D:14     | Reached XP level 15. HP: 119/130 MP: 21/25
 26993 | D:14     | Noticed a storm dragon
 26994 | D:14     | Noticed a fire giant
 27005 | D:14     | Killed a fire giant
 27009 | D:14     | Killed a storm dragon
 27010 | D:14     | Identified the +7 spear of Motoutil {drain, Str+4 Stlth+}
 27062 | D:14     | Identified the +1 fire dragon scales of the Prince of
                  | Darkness {*Slow rF++ rC- Dex+2 Slay+5}
 27355 | D:14     | Received a gift from Sif Muna
 27365 | D:14     | Got Leolacs's Reference Book on Feathery Conjuration {god
                  | gift}
 27471 | D:15     | Entered Level 15 of the Dungeon
 27497 | D:15     | Learned a level 7 spell: Summon Hydra
 27725 | D:15     | Found Cosm's Assorted Antiques.
 27732 | D:15     | Bought a scroll of identify for 50 gold pieces
 27778 | D:15     | Reached skill level 1 in Summonings
 27974 | D:15     | Reached skill level 2 in Summonings
 28295 | D:15     | Found a staircase to the Depths.
 28659 | Shoals:1 | Entered Level 1 of the Shoals
 28712 | Shoals:1 | Reached skill level 3 in Summonings
 29229 | Shoals:1 | Noticed Nikola
 29246 | Shoals:1 | Killed Nikola
 29482 | Shoals:2 | Reached skill level 4 in Summonings
 29837 | Shoals:2 | Reached skill level 5 in Summonings
 30523 | Shoals:2 | Noticed Polyphemus
 30563 | Shoals:1 | Killed Polyphemus
 30713 | Shoals:2 | Reached skill level 6 in Summonings
 31410 | Shoals:3 | Reached skill level 7 in Summonings
 31428 | Shoals:3 | Found a runed translucent door.
 31428 | Shoals:3 | Found a shimmering altar of Xom.
 31428 | Shoals:3 | Noticed kuyyie's ghost (adept MiFi)
 31428 | Shoals:3 | Identified the +2 halberd of Benevolence {chaos, Will+
                  | Dex+2}
 31844 | Shoals:4 | Entered Level 4 of the Shoals
 31981 | Shoals:4 | Noticed Ilsuiw
 31994 | Shoals:4 | Killed Ilsuiw
 32116 | Shoals:3 | Received a gift from Sif Muna
 32117 | Shoals:3 | Reached XP level 16. HP: 45/139 MP: 16/26
 32117 | Shoals:3 | Got Sif Muna's Almanac of Stolen Souls and Creation {god
                  | gift}
 32125 | Shoals:3 | Learned a level 6 spell: Summon Cactus Giant
 32274 | Shoals:4 | Reached skill level 8 in Summonings
 33123 | Shoals:4 | Noticed Mlioglotl
 33240 | Shoals:4 | Reached skill level 9 in Summonings
 33371 | Shoals:4 | Noticed a lich
 33745 | Shoals:4 | Reached skill level 10 in Summonings
 34376 | Shoals:4 | Identified the amulet "Noujo" {RegenMP rC- Int+7}
 34457 | Shoals:4 | Got a barnacled rune of Zot
 34827 | Spider:1 | Entered Level 1 of the Spider Nest
 34858 | Spider:1 | Reached skill level 11 in Summonings
 34938 | Spider:1 | Noticed Plog's ghost (adept MiBe)
 34939 | Spider:1 | Found a runed translucent door.
 35181 | Spider:1 | Noticed Jorgrun
 35187 | Spider:1 | Noticed Louise
 35197 | Spider:1 | Killed Jorgrun
 35205 | Spider:1 | Killed Louise
 35448 | Spider:1 | Reached skill level 12 in Summonings
 35703 | Spider:2 | Received a gift from Sif Muna
 35704 | Spider:2 | Got Sif Muna's Tome of Creative Fascination {god gift}
 36335 | Spider:3 | Reached skill level 13 in Summonings
 36587 | Spider:3 | Noticed Kirke
 36610 | Spider:2 | Killed Kirke
 36886 | Spider:3 | Reached skill level 14 in Summonings
 37081 | Spider:3 | Found the +2 cloak of the Thief {*Fog Slay-2 SInv Stlth+}
 37367 | Spider:4 | Entered Level 4 of the Spider Nest
 37371 | Spider:4 | Reached XP level 17. HP: 146/146 MP: 12/27
 37699 | Spider:4 | Reached skill level 15 in Summonings
 38108 | Spider:3 | Received a gift from Sif Muna
 38109 | Spider:3 | Got Lyxza's Catalogue of Fire and Transmutation {god gift}
 38633 | Spider:4 | Acquired a +5 demon trident of freezing
 38847 | Spider:4 | Reached skill level 16 in Summonings
 39397 | Spider:4 | Got a gossamer rune of Zot
 39654 | Vaults:1 | Entered Level 1 of the Vaults
 39667 | Vaults:1 | HP: 2/146 [vault warden/bolt (32)]
 39672 | Vaults:1 | HP: 5/146 [yaktaur/bolt[a vault warden] (22)]
 39672 | Vaults:1 | Shot with a bolt by a yaktaur

Illustrated notes

Levels and vault maps discovered:
D:1:      wheals_arrival_shading, layout_basic,
          shapermc_ecumenical_altar_acropolis, minmay_misc_feat_rugged,
          minmay_circled_x
D:2:      layout_loops_ring, serial_shops, shop,
          nicolae_shop_competitors_out_of_business, uniq_natasha, uniq_jessica
D:3:      layout_basic, serial_shops, shop
D:4:      layout_loops_ring, minitemple, minmay_checkerbox, uniq_ijyb,
          uniq_crazy_yiuf_cottage, uniq_edmund
D:5:      layout_basic, grunt_temple_overflow_cloverleaf, minmay_divided_ellipse
D:6:      layout_basic, minmay_temple_entry_enclosed_plants
D:7:      layout_loops_cross, nicolae_dithmenos_through_a_glass_darkly,
          eino_tiny_chamber
D:8:      layout_cave_pools, marbit_many_paths, uniq_erica
D:9:      layout_roguey, lair_entry_dummy
D:10:     layout_grid_maze
D:11:     layout_irregular_city, david_orc_4, kiku_gazebo_pond_becter,
          uniq_urug, uniq_sonja
D:12:     layout_loops_ring, minivault_22, kennysheep_cross_bottleneck,
          minmay_misc_feat_alley, minmay_protected_statue
D:13:     layout_gridville, skrybe_vaults_entry_preservation,
          nicolae_trove_entry_free_sample
D:14:     minmay_the_grid_plus_closed [minmay_the_grid_dragon_b,
          minmay_the_grid_square_x, minmay_the_grid_box_x,
          minmay_the_grid_tiny_cups, minmay_the_grid_prize_diamond_cup],
          layout_gridville, dk_noncrumbling_4,
          portal_ice_cave_entry_frozen_things, uniq_azrael
D:15:     grunt_enter_depths_snipers, layout_long_grid,
          hangedman_abyss_or_decor_passed, serial_shops,
          nicolae_shop_waterfront, minivault_25, minmay_misc_feat_cross,
          minmay_misc_feat_more_columns
Lair:1:   layout_cave_pods, minmay_lair_oklob_items,
          nicolae_quartered_pool_impasse
Lair:2:   gammafunk_boulding_lane, layout_cave_pods, minmay_shoals_entry_hut,
          spider_nest_entry_web_field, lemuel_fruit_tree
Lair:3:   layout_cave_pods, minivault_23
Lair:4:   layout_cave_pods, serial_forest, infiniplex_forest_clump_C,
          infiniplex_forest_zigzag_1, infiniplex_forest_end_2,
          infiniplex_forest_clump_small, infiniplex_forest_lined_3
Lair:5:   layout_loops_ring
Lair:6:   grunt_lair_end_beastmaster, layout_hall_layers, slime_altar_2,
          basic_altar, st_stairs_12
Shoals:1: layout_shoals, uniq_nikola
Shoals:2: layout_shoals, uniq_polyphemus
Shoals:3: dreamdust_from_the_deep, layout_shoals, ebering_ghost_xom,
          nicolae_shoals_hidden_pirate_stash
Shoals:4: shoals_end_simple, layout_shoals, shoals_ilsuiw_ice, uniq_mlioglotl
Spider:1: layout_spider_delve, gammafunk_ghost_grave,
          nicolae_spider_nooks_and_crannies, uniq_louise, uniq_jorgrun
Spider:2: layout_spider_delve
Spider:3: layout_spider_delve, uniq_kirke
Spider:4: spider_rune_water
Orc:1:    layout_caves, uniq_josephine
Orc:2:    st_orc_elflike, layout_caves, mines_bat_river, uniq_snorg
Vaults:1: hangedman_vaults_unwind, v_pattern_5, v_rooms_2, v_misc_25,
          hangedman_vaults_cutoff, ontoclasm_vaults_shuriken,
          vaults_mumra_chevron_long, vaults_dpeg_hooks, dpeg_vaults_monster_box,
          vaults_room_door_ring, layout_vaults_omnicross, serial_shops,
          nicolae_shop_statue_plus

Skill      XL: |  1  2  3  4  5  6  7  8  9 10 11 12 13 14 15 16 17 |
---------------+----------------------------------------------------+-----
Poison Magic   | 4 5 7 9 10 12 13 14 15 | 15.0
Fighting       | 4 6 8 10 11 12 | 12.0
Spellcasting   | 3 5 6 7 |  7.4
Invocations    | 1 3 5 6 7 |  7.0
Polearms       | 4 7 8 9 11 13 14 | 14.0
Transmutations | 4 6 7 |  7.0
Shields        | 2 5 6 7 9 |  9.0
Evocations     | 2 5 6 |  6.0
Dodging        | 2 5 9 |  9.0
Summonings     | 7 14 16 | 16.4
Stealth        | |  1.7

Action                   |  1- 3 |  4- 6 |  7- 9 | 10-12 | 13-15 | 16-18 || total
-------------------------+-------+-------+-------+-------+-------+-------++-------
Melee: Unarmed           |    15 |       |       |       |       |    12 ||    27
       Staff             |     3 |       |       |       |       |       ||     3
       Whip              |    91 |    14 |       |       |       |       ||   105
       Tailslap          |    10 |     8 |    33 |    76 |   243 |   132 ||   502
       Dagger            |       |    77 |   147 |       |       |       ||   224
       Short sword       |       |       |    58 |       |       |       ||    58
       Trident           |       |       |    40 |   548 |  1404 |   644 ||  2636
       Demon trident     |       |       |       |       |       |    73 ||    73
Throw: Throwing net      |       |       |       |       |       |     3 ||     3
 Cast: Sting             |    23 |    48 |    25 |     2 |     1 |       ||    99
       Olgreb's Toxic Ra |       |     2 |    29 |    83 |   145 |   120 ||   379
       Eringya's Noxious |       |       |       |     6 |    49 |    36 ||    91
       Summon Small Mamm |       |       |       |       |     1 |     1 ||     2
       Summon Cactus Gia |       |       |       |       |       |     7 ||     7
 Abil: Breathe Noxious F |       |       |    13 |     5 |     6 |       ||    24
Evoke: Wand              |       |       |     1 |     8 |    25 |     6 ||    40
       Tin of tremorston |       |       |       |       |     5 |     4 ||     9
  Use: Scroll            |     1 |       |       |     7 |    29 |    12 ||    49
       Potion            |       |       |       |     1 |     4 |     7 ||    12
 Stab: Sleeping          |     4 |     2 |     3 |     2 |    10 |     3 ||    24
       Distracted        |       |       |     1 |       |     6 |     1 ||     8
       Paralysed         |       |       |     7 |     8 |    17 |       ||    32
       Confused          |       |       |       |     2 |     2 |       ||     4
       Held in net/web   |       |       |       |       |       |     4 ||     4
Armor: Skin              |    58 |    40 |   102 |   171 |   412 |   247 ||  1030
Dodge: Dodged            |    97 |    79 |   182 |   287 |   805 |   647 ||  2097
Block: Buckler           |       |       |       |   121 |   397 |   495 ||  1013
       Reflection        |       |       |       |       |     7 |    12 ||    19
       Other             |       |       |       |       |       |     2 ||     2

Table legend: (Time is in decaauts)
 A = Elapsed time spent in this place.
 B = Non-inter-level travel time spent in this place.
 C = Inter-level travel time spent in this place.
 D = Time resting spent in this place.
 E = Time spent auto-exploring this place.
 F = Levels seen in this place.
 G = Mean time per level.
                   A        B        C        D        E       F      G
               +--------+--------+--------+--------+--------+-----+--------+
         Total |  39602 |  36933 |   2669 |   2886 |  26032 |  33 | 1200.1 |
       Dungeon |  19832 |  18384 |   1448 |    618 |  14013 |  15 | 1322.1 |
          Lair |   7096 |   6255 |    841 |    266 |   4851 |   6 | 1182.7 |
        Shoals |   6041 |   5829 |    212 |    749 |   3660 |   4 | 1510.2 |
   Spider Nest |   4522 |   4394 |    128 |   1108 |   2202 |   4 | 1130.5 |
  Orcish Mines |   1815 |   1777 |     38 |     29 |   1251 |   2 |  907.5 |
        Vaults |     18 |     18 |      0 |      0 |      3 |   1 |   18.0 |
      Ice Cave |    275 |    275 |      0 |    115 |     50 |   1 |  275.0 |
               +--------+--------+--------+--------+--------+-----+--------+

Top non-repeatable levels by time:
Shoals:4: 2232 daAuts
    D:14: 1949 daAuts
     D:4: 1937 daAuts
    D:11: 1898 daAuts
     D:5: 1663 daAuts
Shoals:3: 1562 daAuts
  Lair:4: 1454 daAuts
Spider:3: 1420 daAuts
  Lair:2: 1379 daAuts
     D:2: 1375 daAuts
   Orc:2: 1370 daAuts
    D:12: 1348 daAuts
  Lair:6: 1334 daAuts
     D:1: 1290 daAuts
     D:6: 1277 daAuts
